 Dungeon Crawl Stone Soup version 0.22.1-2-g9c5b331383 (webtiles) character file.

65 Ihlosi the Sneak (level 4, 0/24 HPs)
             Began as a Kobold Enchanter on Dec 26, 2018.
             Succumbed to an adder's poison
             ... on level 2 of the Dungeon.
             The game lasted 00:04:27 (1844 turns).

Ihlosi the Sneak (Kobold Enchanter)                 Turns: 1844, Time: 00:04:27

Health: 0/24       AC:  2    Str:  5    XL:     4   Next: 34%
Magic:  7/7        EV: 16    Int: 17    God:
Gold:   68         SH:  0    Dex: 15    Spells: 4/7 levels left

rFire    . . .     SeeInvis +   c - +1 dagger (venom)
rCold    . . .     Gourm    .   (shield restricted)
rNeg     . . .     Faith    .   b - +0 robe
rPois    .         Spirit   .   (no helmet)
rElec    .         Reflect  .   (no cloak)
rCorr    .         Harm     .   (no gloves)
MR       .....                  (no boots)
Stlth    +++.......             (no amulet)
HPRegen  0.08/turn              e - ring of see invisible
MPRegen  0.10/turn              (no ring)

@: lethally poisoned (0 -> -3)
A: small, carnivore
a: no special abilities


You were on level 2 of the Dungeon.
You were very full.

You visited 1 branch of the dungeon, and saw 2 of its levels.

You collected 68 gold pieces.

Inventory:

Hand Weapons
 a - a +1 dagger
 c - a +1 dagger of venom (weapon)
 g - a +0 spear of piercing
Armour
 b - a +0 robe (worn)
Jewellery
 e - a ring of see invisible (left hand)
Scrolls
 f - a scroll of enchant weapon {unknown}
 h - a scroll of blinking {unknown}
 i - 3 scrolls of identify {unknown}
 j - 2 scrolls of remove curse {unknown}
 k - a scroll of teleportation {unknown}
 l - 2 scrolls of magic mapping {unknown}
Comestibles
 d - 6 rations
 m - a chunk of flesh


   Skills:
 * Level 0.9 Fighting
 * Level 2.5 Short Blades
 * Level 3.0 Dodging
 * Level 4.6 Stealth
 * Level 2.3 Spellcasting
 * Level 3.6 Hexes


You had 4 spell levels left.
You knew the following spells:

 Your Spells              Type           Power        Failure   Level  Hunger
a - Corona                Hex            ##.....      4%          1    #......
b - Ensorcelled Hibernat  Hex/Ice        #.....       14%         2    ###....

Your spell library contained the following spells:

 Spells                   Type           Power        Failure   Level  Hunger
 Confuse                  Hex            ##......     13%         3    ###....
 Tukima's Dance           Hex            ##......     13%         3    ###....
 Dazzling Spray           Conj/Hex       #.....       26%         3    ###....


Dungeon Overview and Level Annotations

Branches:
Dungeon (2/15)

Altars:
Dithmenos
Kikubaaqudgha
Qazlal
Ru
Xom
Yredelemnul


Innate Abilities, Weirdness & Mutations

You are small and have problems with some larger weapons.
You are carnivorous and can eat meat at any time.


Message History

There is a lethal amount of poison in your body!
There is a lethal amount of poison in your body!
There is a lethal amount of poison in your body!
There is a lethal amount of poison in your body!
There is a lethal amount of poison in your body!
There is a lethal amount of poison in your body!
There is a lethal amount of poison in your body!
* * * LOW HITPOINT WARNING * * *
You feel sick.
* * * LOW HITPOINT WARNING * * *
You feel sick.
* * * LOW HITPOINT WARNING * * *
You feel sick.
* * * LOW HITPOINT WARNING * * *
You feel sick.
* * * LOW HITPOINT WARNING * * *
You feel sick.
* * * LOW HITPOINT WARNING * * *
You feel sick.
You die...

#.# #.# #.#
##.### #....#
######### #.##.#
#........ #.##.#
#.####### #.##.#
#.# #@##.#####.#
######.##.......#
#...†..##########
#)######


There were no monsters in sight!

Vanquished Creatures
  2 adders (D:2)
  An ooze (D:1)
  2 giant cockroaches (D:1)
  4 hobgoblins
  A quokka (D:2)
  3 ball pythons (D:1)
  9 bats (D:1)
  5 frilled lizards
  9 goblins
  4 kobolds (D:1)
  5 rats
45 creatures vanquished.

Notes
Turn   | Place    | Note
-------+----------+-------------------------------------------
     0 | D:1      | Ihlosi the Kobold Enchanter began the quest for the Orb.
     0 | D:1      | Reached XP level 1. HP: 10/10 MP: 3/3
   362 | D:1      | Reached XP level 2. HP: 13/15 MP: 5/5
   399 | D:1      | Learned a level 2 spell: Ensorcelled Hibernation
   884 | D:1      | Reached XP level 3. HP: 20/20 MP: 6/6
  1666 | D:2      | Found a basalt altar of Yredelemnul.
  1669 | D:2      | Found an ancient bone altar of Kikubaaqudgha.
  1669 | D:2      | Found a sacrificial altar of Ru.
  1669 | D:2      | Found a shadowy altar of Dithmenos.
  1671 | D:2      | Found a stormy altar of Qazlal.
  1673 | D:2      | Found a shimmering altar of Xom.
  1681 | D:2      | Reached XP level 4. HP: 12/24 MP: 7/7
  1836 | D:2      | HP: 1/24 [poisoned by an adder]
  1844 | D:2      | Succumbed to an adder's poison

Skill      XL: |  1  2  3  4 |
---------------+-------------+-----
Short Blades   | 2 |  2.5
Dodging        | 3 |  3.0
Fighting       | |  0.9
Stealth        | |  4.6
Spellcasting   | |  2.3
Hexes          | |  3.6

Action                   |  1- 3 |  4- 6 || total
-------------------------+-------+-------++-------
Melee: Dagger            |   127 |    21 ||   148
       Spear             |    25 |       ||    25
 Cast: Ensorcelled Hiber |     1 |       ||     1
  Use: Potion            |     1 |       ||     1
 Stab: Sleeping          |     8 |       ||     8
  Eat: Chunk             |    11 |       ||    11
Armor: Robe              |    38 |     2 ||    40
Dodge: Dodged            |   132 |    13 ||   145
